 Dungeon Crawl Stone Soup version 0.26-a0-854-gdc81c2f471 (webtiles) character file.

Game seed: 16565160935111546636

18356 mhtbhm the Earth Mage (level 12, -8/66 HPs)
             Began as a Gargoyle Earth Elementalist on Nov 23, 2020.
             Was an Elder of Vehumet.
             Mangled by a great orb of eyes (14 damage)
             ... on level 11 of the Dungeon on Nov 24, 2020.
             The game lasted 01:04:56 (19797 turns).

mhtbhm the Earth Mage (GrEE)                       Turns: 19797, Time: 01:04:56

Health: -8/66      AC: 16    Str:  9    XL:     12   Next: 57%
Magic:  2/25       EV: 15    Int: 21    God:    Vehumet [****..]
Gold:   1105       SH:  5    Dex: 14    Spells: 15/30 levels left

rFire    . . .     SeeInvis .   a - +2 whip (venom)
rCold    + + .     Faith    .   (no shield)
rNeg     + + .     Spirit   .   c - +2 robe {rC+}
rPois    ∞         Reflect  +   (no helmet)
rElec    +         Harm     .   (no cloak)
rCorr    .         Rampage  +   i - +0 pair of gloves of Kuclub {Rampage +Fly Str-3}
MR       .....                  o - +1 pair of boots of Plasticity {*Contam rN+ Dex+4}
Stlth    ++........             f - amulet of reflection
HPRegen  0.21/turn              D - ring of protection from cold
MPRegen  0.19/turn              E - ring of wizardry

@: no status effects
A: negative energy resistance 1, electricity resistance, unbreathing,
petrification resistance, rot immunity, AC +8
a: Renounce Religion, Evoke Flight


You were on level 11 of the Dungeon.
You worshipped Vehumet.
Vehumet was greatly pleased with you.
You visited 3 branches of the dungeon, and saw 14 of its levels.
You also visited: Bailey.

You collected 1149 gold pieces.
You spent 44 gold pieces at shops.

Inventory:

Hand Weapons
 a - a +2 whip of venom (weapon)
Missiles
 h - 10 throwing nets (quivered)
 u - 135 stones
 S - 7 curare-tipped darts
Armour
 b - the +6 chain mail of the Rose {MR++ Int+4 Dex+3}
   (You found it on level 4 of the Dungeon)

   It affects your intelligence (+4).
   It affects your dexterity (+3).
   It affects your resistance to hostile enchantments.
 c - a +2 robe of cold resistance (worn)
 d - the +3 scale mail of Achou {rC++, unknown}
   (You found it on level 5 of the Dungeon)

   It greatly protects you from cold.
 i - the +0 pair of gloves of Kuclub (worn) {Rampage +Fly Str-3}
   (You found it on level 9 of the Dungeon)

   It affects your strength (-3).
   It lets you fly.
   It bestows one free step when moving towards enemies.
 o - the +1 pair of boots of Plasticity (worn) {*Contam rN+ Dex+4}
   (You found it in a bailey)

   It affects your dexterity (+4).
   It protects you from negative energy.
   It causes magical contamination when unequipped.
 P - +0 acid dragon scales
Jewellery
 f - an amulet of reflection (around neck)
 l - a cursed amulet of inaccuracy {unknown}
 n - an uncursed ring of fire
 s - an uncursed ring of ice
 v - an uncursed ring of stealth
 A - an uncursed amulet of magic regeneration {unknown}
 D - a ring of protection from cold (left hand)
 E - a ring of wizardry (right hand)
 I - an uncursed ring of ice
 L - an uncursed ring of protection from magic
 T - an uncursed ring of magical power {unknown}
Wands
 Q - a wand of polymorph (3)
 U - a wand of digging (5)
Scrolls
 q - 3 scrolls of enchant armour
 r - 3 scrolls of remove curse
 x - 3 scrolls of amnesia
 y - a scroll of vulnerability
 C - a scroll of enchant weapon
 G - a scroll of fog {unknown}
 J - a scroll of silence {unknown}
 N - a scroll of holy word {unknown}
 O - a scroll of acquirement {unknown}
Potions
 e - 5 potions of attraction
 g - 2 potions of might
 p - 3 potions of brilliance
 t - 2 potions of cancellation {unknown}
 B - a potion of invisibility {unknown}
 F - a potion of degeneration {unknown}
 H - 3 potions of lignification
 K - a potion of heal wounds {unknown}
 M - 2 potions of flight {unknown}
 R - 2 potions of mutation {unknown}
Miscellaneous
 k - a tin of tremorstones (inert)
 z - a condenser vane (inert)


   Skills:
 + Level 4.3 Fighting
 + Level 5.7 Maces & Flails
 + Level 1.2 Throwing
 + Level 1.9 Armour
 + Level 5.1 Dodging
 - Level 2.5 Stealth
 + Level 2.7 Shields
 + Level 9.8 Spellcasting
 + Level 3.9 Conjurations
 - Level 0.7 Transmutations
 * Level 15.7 Earth Magic
 + Level 1.6 Evocations


You had 15 spell levels left.
You knew the following spells:

 Your Spells              Type           Power        Failure   Level
a - Sandblast             Erth           ######       0%          1
b - Passwall              Tmut/Erth      #####...     1%          2
c - Stone Arrow           Conj/Erth      ######       1%          3
d - Lee's Rapid Deconstr  Erth           ######....   1%          5
e - Petrify               Tmut/Erth      #####...     1%          4

Your spell library contained the following spells:

 Spells                   Type           Power        Failure   Level
 Airstrike                Air            ##........   8%          4
 Dazzling Flash           Conj/Hex       ###...       1%          3
 Animate Skeleton         Necr           ##....       2%          1
 Apportation              Tloc           ##....       2%          1
 Corona                   Hex            ##.....      2%          1
 Summon Small Mammal      Summ           ##..         2%          1
 Ensorcelled Hibernation  Hex/Ice        ##....       4%          2
 Confusing Touch          Hex            ##......     9%          3
 Tukima's Dance           Hex            ##......     9%          3


Dungeon Overview and Level Annotations

Branches:
Dungeon (12/15)            Temple (1/1) D:6            Lair (0/6) D:10
    Orc (1/2) D:11         Bailey (visited)

Altars:
Ashenzari
Cheibriados
Dithmenos
Elyvilon
Fedhas
Hepliaklqana
Okawaru
Qazlal
Ru
Uskayaw
Vehumet
Wu Jian
The Shining One

Shops:
D:8 *   D:10 ?


Innate Abilities, Weirdness & Mutations

You are resistant to torment.
Your stone body is resilient. (AC +8)
You are immune to poison.
You resist negative energy. (rN+)
You are resistant to electric shocks. (rElec)
You can survive without breathing.
You are immune to petrification.
You are immune to rotting.


Message History

You hit the great orb of eyes but do no damage.
The great orb of eyes is severely wounded.
The great orb of eyes bites you!
* * * LOW HITPOINT WARNING * * *
You hit the great orb of eyes.
The great orb of eyes looks as sick as possible!
The great orb of eyes is severely wounded.
Unknown command.
Press: ? - help, Dir - move target cursor, p - great orb of eyes
As you read the scroll of blinking, it crumbles to dust.
Unknown command.
You climb upwards.
There is a stone staircase leading down here.
Evoke which item? (* to show all) (? for menu, Esc to quit)
Clouds of noxious fumes condense around you!
The condenser dries out!
The great orb of eyes barely misses you.
Unknown command.
The great orb of eyes bites you!
You die...

#..........(.##
##............#
#............#
#............#
###...........#####
#.............#...#
#.................#
##§§...............#
#§§G@............###
#§§§[...........##
####..............##
#.................#
#.................#
#.................#
#####.............# #####
###|..........##
#...#######............##


You could see a great orb of eyes (extremely poisoned).

Vanquished Creatures
  Erolcha (D:10)
  Fannar (D:10)
  The ghost of Eryximachus the Destroyer, a journeyman OpCj of Vehumet (D:9)
  A two-headed ogre (D:9)
  Urug (D:12)
  Sonja (D:10)
  Nergalle (D:10)
  An unseen horror (D:11)
  Pikel (D:6)
  An orc knight (D:11)
  A cyclops (D:11)
  Psyche (D:8)
  2 komodo dragons (D:10)
  2 trolls (D:10)
  Prince Ribbit (D:7)
  14 yaks
  A wyvern (D:8)
  Sigmund (D:5)
  A steam dragon (D:10)
  Grum (D:10)
  3 water moccasins (D:10)
  An ice beast (shapeshifter) (D:11)
  2 sky beasts
  4 orc warriors
  3 black bears
  An ice beast (D:6)
  5 centaurs
  3 phantoms
  2 wolves (D:10)
  5 ogres
  A lemure (D:6)
  7 bullfrogs
  7 gnoll sergeants (Bailey)
  8 scorpions
  12 killer bees
  A howler monkey (D:9)
  11 wights
  3 centaur zombies
  A bullfrog zombie (D:11)
  2 quasits
  7 hounds
  4 centaur skeletons
  3 jellies
  2 bullfrog skeletons
  2 orc priests
  5 orc wizards
  5 gnoll shamans
  2 iguanas (D:9)
  11 worker ants
  2 hound skeletons
  A howler monkey zombie (D:8)
  4 worker ant zombies
  11 adders
  24 gnolls
  A shadow imp (D:5)
  A white imp (D:7)
  2 ufetubi
  2 oozes
  An adder skeleton (D:10)
  6 worms
  2 dart slugs
  8 leopard geckos
  38 orcs
  3 ball pythons
  12 bats
  4 giant cockroaches
  9 goblins
  7 hobgoblins
  6 jackals
  4 quokkas
  3 frilled lizards
  9 kobolds
  2 rats
320 creatures vanquished.

Vanquished Creatures (collateral kills)
  Maggie (D:8)
  A gnoll sergeant (Bailey)
  3 gnoll shamans (Bailey)
  2 gnolls (Bailey)
7 creatures vanquished.

Vanquished Creatures (others)
  A yak (D:9)
  An ice beast (D:8)
  A shadow imp (D:8)
  57 fungi
  39 plants
99 creatures vanquished.

Grand Total: 426 creatures vanquished

Notes
Turn   | Place    | Note
-------+----------+-------------------------------------------
     0 | D:1      | mhtbhm the Gargoyle Earth Elementalist began the quest for
                  | the Orb.
     0 | D:1      | Reached XP level 1. HP: 10/10 MP: 3/3
   485 | D:1      | Reached skill level 4 in Earth Magic
   485 | D:1      | Reached XP level 2. HP: 15/15 MP: 3/5
   489 | D:1      | Learned a level 2 spell: Passwall
   793 | D:1      | Reached XP level 3. HP: 19/19 MP: 6/6
  1009 | D:2      | Learned a level 3 spell: Stone Arrow
  1137 | D:2      | Reached skill level 5 in Earth Magic
  1137 | D:2      | Reached XP level 4. HP: 17/24 MP: 4/7
  1312 | D:2      | Found a faded altar of an unknown god.
  1923 | D:3      | Reached skill level 1 in Conjurations
  1925 | D:3      | Reached XP level 5. HP: 28/28 MP: 5/9
  2540 | D:4      | Reached skill level 1 in Throwing
  2788 | D:4      | Noticed a phantom
  2818 | D:4      | Killed a phantom
  2819 | D:4      | Reached skill level 6 in Earth Magic
  2819 | D:4      | Reached XP level 6. HP: 26/32 MP: 2/10
  2825 | D:4      | Learned a level 5 spell: Lee's Rapid Deconstruction
  2996 | D:4      | You fall into a shaft and drop 1 floor!
  2996 | D:5      | Entered Level 5 of the Dungeon
  2999 | D:5      | Noticed a sky beast
  3077 | D:4      | Got an ancient chain mail
  3088 | D:4      | Identified the +6 chain mail of the Rose {MR++ Int+4 Dex+3}
                  | (You found it on level 4 of the Dungeon)
  3123 | D:4      | Found a broken altar of Ashenzari.
  3178 | D:4      | Found a snail-covered altar of Cheibriados.
  3627 | D:5      | Noticed a sky beast
  3639 | D:5      | Killed a sky beast
  3640 | D:5      | Reached XP level 7. HP: 33/37 MP: 7/12
  3715 | D:5      | Reached skill level 7 in Earth Magic
  4197 | D:5      | Reached skill level 1 in Maces & Flails
  4271 | D:5      | Got a brightly glowing scale mail
  4327 | D:5      | Reached skill level 1 in Fighting
  4905 | D:5      | Reached XP level 8. HP: 43/43 MP: 5/13
  5103 | D:5      | Noticed Sigmund
  5106 | D:5      | Killed Sigmund
  5107 | D:5      | Reached skill level 1 in Shields
  5107 | D:5      | Reached skill level 8 in Earth Magic
  5549 | D:6      | Found a staircase to the Ecumenical Temple.
  5578 | Temple   | Entered the Ecumenical Temple
  5585 | Temple   | Became a worshipper of Vehumet
  5800 | D:6      | Reached skill level 9 in Earth Magic
  6152 | D:6      | Noticed Pikel
  6166 | D:6      | Killed Pikel
  6167 | D:6      | Reached XP level 9. HP: 27/49 MP: 2/16
  6592 | D:6      | Learned a level 4 spell: Petrify
  7249 | D:7      | Reached skill level 10 in Earth Magic
  7258 | D:7      | Noticed Prince Ribbit
  7406 | D:7      | Reached skill level 1 in Evocations
  7540 | D:7      | Reached skill level 5 in Spellcasting
  7573 | D:7      | Reached * piety under Vehumet
  7573 | D:7      | Offered knowledge of Freeze by Vehumet.
  8068 | D:7      | Reached skill level 11 in Earth Magic
  8143 | D:7      | Killed Prince Ribbit
  8144 | D:7      | Reached XP level 10. HP: 56/56 MP: 0/18
  8723 | D:8      | Noticed Psyche
  8731 | D:8      | Killed Psyche
  9386 | D:8      | Noticed Maggie
  9424 | D:8      | Killed Maggie
  9674 | D:8      | Found a white marble altar of Elyvilon.
  9947 | D:8      | Found Sunt's Assorted Antiques.
 10027 | D:8      | Bought a scroll of identify for 44 gold pieces
 10465 | D:9      | Found a glowing golden altar of the Shining One.
 10465 | D:9      | Found a sacrificial altar of Ru.
 10633 | D:9      | Got a pair of twisted gloves
 10646 | D:9      | Found a flagged portal.
 10664 | Bailey   | Entered a bailey
 10668 | Bailey   | Reached skill level 12 in Earth Magic
 10813 | Bailey   | Offered knowledge of Shock by Vehumet.
 10834 | Bailey   | Reached ** piety under Vehumet
 11968 | Bailey   | Got a pair of steaming boots
 11980 | Bailey   | Identified the +1 pair of boots of Plasticity {*Contam rN+
                  | Dex+4} (You found it in a bailey)
 12132 | D:10     | Entered Level 10 of the Dungeon
 12156 | D:10     | Noticed Grum
 12525 | D:10     | Killed Grum
 12771 | D:10     | Found a staircase to the Lair.
 12772 | D:10     | Noticed Nergalle
 12797 | D:10     | Reached skill level 13 in Earth Magic
 12797 | D:10     | Killed Nergalle
 12797 | D:10     | Offered knowledge of Searing Ray by Vehumet.
 12798 | D:10     | Reached XP level 11. HP: 27/60 MP: 3/22
 13568 | D:10     | Noticed Fannar
 13914 | D:9      | Found a hide-covered altar of Uskayaw.
 13973 | D:9      | Noticed a two-headed ogre
 13993 | D:9      | Killed a two-headed ogre
 14317 | D:9      | Identified the +0 pair of gloves of Kuclub {Rampage +Fly
                  | Str-3} (You found it on level 9 of the Dungeon)
 14486 | D:9      | Found a runed translucent door.
 14487 | D:9      | Noticed Eryximachus's ghost (journeyman OpCj)
 15259 | D:10     | Found Teolomn's Magic Scroll Shoppe.
 15275 | D:10     | Reached *** piety under Vehumet
 15617 | D:10     | Noticed Erolcha
 16234 | D:9      | Killed Eryximachus's ghost
 16235 | D:9      | Reached skill level 5 in Maces & Flails
 16235 | D:9      | Reached skill level 1 in Armour
 16235 | D:9      | Reached skill level 14 in Earth Magic
 16368 | D:10     | Killed Erolcha
 16413 | D:10     | Killed Fannar
 16526 | D:10     | Offered knowledge of Ignite Poison by Vehumet.
 16533 | D:10     | Noticed Sonja
 16537 | D:10     | Killed Sonja
 17034 | D:11     | Reached XP level 12. HP: 51/66 MP: 17/25
 17331 | D:12     | Noticed a boulder beetle
 17334 | D:12     | Noticed Urug
 17664 | D:11     | Reached skill level 15 in Earth Magic
 17668 | D:11     | Reached **** piety under Vehumet
 17810 | D:11     | Offered knowledge of Airstrike by Vehumet.
 17837 | D:11     | Reached skill level 5 in Dodging
 19214 | D:11     | Found a staircase to the Orcish Mines.
 19250 | Orc:1    | Entered Level 1 of the Orcish Mines
 19760 | D:12     | Killed Urug
 19766 | D:12     | Noticed a great orb of eyes
 19766 | D:12     | a boulder beetle changed into a great orb of eyes
 19797 | D:11     | Mangled by a great orb of eyes

Illustrated notes

Levels and vault maps discovered:
D:1:      dpeg_arrival_arbitrary_a, layout_loops_cross
D:2:      layout_rooms, chequers_ecumenical_altar_simple
D:3:      layout_basic, minmay_parallelograms, minivault_5
D:4:      layout_rooms, general_overflow_altar, kennysheep_slug_shrine,
          kennysheep_small_spiral
D:5:      old_forge, layout_basic, uniq_sigmund
D:6:      layout_layer_cave, minmay_temple_entry_tees, uniq_pikel
D:7:      layout_loops_ring, uniq_prince_ribbit1
D:8:      layout_loops_corners, elyvilon_altar_3, serial_shops, shop,
          minmay_misc_feat_alley, lemuel_flamethrower_2, uniq_psyche,
          uniq_maggie
D:9:      layout_basic, kennysheep_mini, gammafunk_temple_overflow_elements,
          ebering_ghost_reflecting_pool, enter_bailey_5, st_stairs_9,
          minmay_misc_feat_pillars
D:10:     layout_small_grid, due_lair_maze_entry_diamond, serial_shops,
          nicolae_shop_statue_plus, uniq_sonja, uniq_nergalle, uniq_grum,
          uniq_fannar, uniq_erolcha
D:11:     minmay_clustersquares, layout_cross, orc_0_dummy, grunt_ministairs_12
D:12:     kennysheep_blocky_hall, layout_basic, serial_shops,
          nicolae_shop_behind_doors, drop_trap, mikee_hates_you, uniq_urug
Temple:   eino_temple_rhombus
Orc:1:    layout_caves, serial_shops, shop, uniq_harold

Skill      XL: |  1  2  3  4  5  6  7  8  9 10 11 12 |
---------------+-------------------------------------+-----
Earth Magic    | 4 5 6 7 9 11 13 14 15 | 15.7
Conjurations   | 1 2 3 |  3.9
Throwing       | 1 |  1.2
Dodging        | 2 3 4 5 |  5.1
Spellcasting   | 3 4 5 7 9 |  9.8
Maces & Flails | 2 3 4 5 |  5.7
Fighting       | 1 2 3 4 |  4.3
Shields        | 1 2 |  2.7
Evocations     | 1 |  1.6
Armour         | 1 |  1.9
Stealth        | |  2.5
Transmutations | |  0.7

Action                   |  1- 3 |  4- 6 |  7- 9 | 10-12 || total
-------------------------+-------+-------+-------+-------++-------
Melee: Unarmed           |    16 |       |       |       ||    16
       Dagger            |    22 |       |       |       ||    22
       Whip              |       |    64 |   268 |   390 ||   722
Throw: Dart              |       |     3 |       |     1 ||     4
       Stone             |       |     1 |       |       ||     1
       Throwing net      |       |       |       |     1 ||     1
 Cast: Sandblast         |    27 |    58 |    67 |    79 ||   231
       Stone Arrow       |       |     1 |    10 |     9 ||    20
       Lee's Rapid Decon |       |       |    11 |   122 ||   133
       Petrify           |       |       |     2 |    32 ||    34
Evoke: Wand              |       |       |     8 |    35 ||    43
       Tin of tremorston |       |       |       |     2 ||     2
       Condenser vane    |       |       |       |     1 ||     1
  Use: Scroll            |     1 |     8 |     4 |    18 ||    31
       Potion            |       |       |       |    10 ||    10
 Stab: Sleeping          |       |     1 |     1 |     3 ||     5
       Distracted        |       |     1 |       |     1 ||     2
       Held in net/web   |       |       |     2 |       ||     2
       Petrified         |       |       |       |    34 ||    34
Armor: Robe              |    12 |    20 |   102 |   143 ||   277
       Skin              |       |       |       |    22 ||    22
       Troll leather arm |       |       |       |    28 ||    28
Dodge: Dodged            |    31 |    32 |   144 |   328 ||   535
Block: Other             |    12 |    22 |    59 |   111 ||   204
       Reflection        |     1 |       |       |     8 ||     9

Table legend: (Time is in decaauts)
 A = Elapsed time spent in this place.
 B = Non-inter-level travel time spent in this place.
 C = Inter-level travel time spent in this place.
 D = Time resting spent in this place.
 E = Time spent auto-exploring this place.
 F = Levels seen in this place.
 G = Mean time per level.
                   A        B        C        D        E       F      G
               +--------+--------+--------+--------+--------+-----+--------+
         Total |  19709 |  19209 |    500 |   7183 |   7573 |  15 | 1313.9 |
       Dungeon |  18222 |  17722 |    500 |   6305 |   7440 |  12 | 1518.5 |
        Temple |     13 |     13 |      0 |      0 |      0 |   1 |   13.0 |
  Orcish Mines |     15 |     15 |      0 |      0 |      0 |   1 |   15.0 |
        Bailey |   1458 |   1458 |      0 |    878 |    133 |   1 | 1458.0 |
               +--------+--------+--------+--------+--------+-----+--------+

Top non-repeatable levels by time:
    D:10: 3005 daAuts
     D:9: 2493 daAuts
    D:11: 2244 daAuts
     D:6: 1989 daAuts
     D:8: 1768 daAuts
     D:5: 1601 daAuts
  Bailey: 1458 daAuts
     D:7: 1335 daAuts
     D:4: 1197 daAuts
     D:1: 951 daAuts
     D:3: 846 daAuts
     D:2: 732 daAuts
    D:12: 55 daAuts
   Orc:1: 15 daAuts
  Temple: 13 daAuts
